 BcadrenCrawl: Boulder Brew version 0.04.2-10-g17648f679b (webtiles) character file.

Game seed: 337966819960001861, levelgen mode: deterministic

1231 diana the Skirmisher (level 8, -30/80 HPs) Golden Draconian Demigod. Began on May 1, 2021. Annihilated by a guardian mummy ... wielding a +0 halberd (33 damage) ... on level 3 of the Dungeon. The game lasted 00:09:08 (3469 turns).

diana the Skirmisher (Golden Draconian Demigod)     Turns: 3469, Time: 00:09:08

Health: -30/80     AC:  7    Str: 19    XL:     8 ^: 1569
Magic:  13/13      EV: 13    Int: 19    God:
Gold:   233        SH:  0    Dex: 13    Spells: 12/13 levels left

rFire    + . .     Vision   .     - Unarmed
rCold    + . .     Gourm    .     - Unarmed
rNeg     . . .     Faith    .   (armour unavailable)
rPois    +         Spirit   .   (helmet restricted)
rElec    .         Reflect  .   (no cloak)
rCorr    .         Harm     .   m - +0 pair of clawed gauntlets
MR       .....                  (no boots)
Stlth    ++........             (no amulet)
HPRegen  0.36/turn              (no ring)
MPRegen  0.23/turn              (no ring)

@: marked, very slightly contaminated, studying Necromancy
A: no body armour, unfitting armour, high mp 1, strong 1, cold-blooded, fire,
ice and poison enhancers 1, rF+, rC+, rPois, AC +7
a: Breathe Fire, Breathe Frost, Breathe Noxious Fumes


You were on level 3 of the Dungeon.
You were not hungry.

You visited 1 branch of the dungeon, and saw 3 of its levels.

You collected 233 gold pieces.

Inventory:

Armour
 m - a +0 pair of clawed gauntlets (worn)
Jewellery
 g - an uncursed ring of positive energy
Wands
 k - a wand of acid (6)
Scrolls
 d - a scroll of bless item
Potions
 f - 3 potions of curing
 h - a potion of brilliance
 i - a potion of haste
 l - a potion of might
 n - a potion of cure mutation
Comestibles
 b - 6 rations


   Skills:
 + Level 7.3 Fighting
 - Level 2.4 Dodging
 - Level 1.3 Stealth
 - Level 5.0 Unarmed Combat
 - Level 3.0 Spellcasting
 + Level 4.8 Fire Magic


You had 12 spell levels left.
You knew the following spells:

 Your Spells              Type           Power        Failure   Level  Hunger
a - Flame Tongue          Fire           30 (30)      1%          1    None

Your spell library contained the following spells:

 Spells                   Type           Power        Failure   Level  Hunger
 Magic Candle             Hex/Fire       18 (90)      5%          1    None
 Conjure Flame            Fire           32 (100)     6%          3    ###....
 Inner Flame              Hex/Fire       18 (100)     17%         3    ###....
 Blink                    Tloc           N/A          22%         2    ##.....
 Call Imp                 Summ           2 (100)      22%         2    ##.....
 Slow                     Hex            2 (100)      22%         2    ##.....
 Mephitic Cloud           Pois/Air       4 (100)      41%         3    ###....
 Portal Projectile        Chrm/Tloc      2 (50)       41%         3    ###....
 Cause Fear               Hex            2 (200)      83%         4    ####...
 Leda's Liquefaction      Tmut/Erth      2 (200)      83%         4    ####...


Dungeon Overview and Level Annotations

Branches:
Dungeon (3/8)


Innate Abilities, Weirdness & Mutations

You cannot fit into any form of body armour.
Your imposing gold scales are resilient. (AC +7)
You can breathe your choice of flames, frost or noxious fumes.
You have an increased reservoir of magic. (+10% MP)
You are cold-blooded and may be slowed by cold attacks.
You are in touch with the powers of fire, ice and venom.
Your imposing gold scales grant you resistance to fire, cold and poison. (rF+, rC+, rPois)
You are strong. (Str +2)


Message History

Unknown command.
Unknown command.
You cannot move closer to something!
Unknown command.
You cannot move closer to something!
Unknown command.
You are no longer terrified.
The scorpion pinches you (3).
* * * LOW HITPOINT WARNING * * *
The scorpion barely misses you (0). x2; The scorpion stings you (7)!
* * * LOW HITPOINT WARNING * * *
The adder zombie blinks! x2; The jackal skeleton blinks!
The bullfrog zombie blinks!
The scorpion blinks! x2; The mummy blinks!
Yoink!
You're pulled towards a dispersal trap!
You enter a dispersal trap!
The scorpion blinks!
The adder zombie blinks!
The adder skeleton blinks!
Your orc blinks!
You blink.
The guardian mummy hits you from afar with a halberd (33)!!
You die...

!?! 8.8 #^# #^# #
###§### +.
##§.§.M## #§ ###.
##ZZss..§###.#
#.'..#§MZ5§§§^§#..
## #8.s§§@§s§§..'§
#. +§.#§§§§§..Mr#.
#.
#.###§§MM.§§###.#
#. '.#
##hM§^§##.##. ##
##. #.Z§.M#§..# #
# #..§§s...# #
#§.s%§Z§.# #
####§.§..# #####
##§§.§#####....


You could see 2 guardian mummies, a mummy, 3 scorpions, 2 bullfrog zombies, an
adder skeleton and a friendly white imp.

Vanquished Creatures
  An ogre (D:3)
  2 big kobolds (D:2)
  2 howler monkeys (D:3)
  5 jellies (D:2)
  An orc priest (D:3)
  5 orc wizards (D:3)
  Terence (D:2)
  An iguana (D:3)
  2 worker ants (D:3)
  Robin (D:2)
  A bullfrog skeleton (D:3)
  4 adders
  33 sewer rats (D:2)
  A white imp (D:3)
  7 cinder newts
  4 oozes
  2 dart slugs (D:1)
  8 leopard geckos
  8 orcs (D:3)
  2 adder skeletons (D:3)
  5 ball pythons
  A cinder newt skeleton (D:2)
  A hobgoblin (D:1)
  2 jackals (D:3)
  A quokka (D:3)
  6 bats
  3 goblins
  10 kobolds
  A kobold skeleton (D:2)
  A quokka skeleton (D:3)
  3 rats (D:1)
  A giant blowfly (D:2)
  9 withered plants (D:2)
135 creatures vanquished.

Vanquished Creatures (others)
  A bat (D:2)
  7 goblins (D:2)
  4 hobgoblins (D:2)
  A bush (D:2)
  A giant blowfly (D:2)
  A slimehead (D:2)
  116 withered plants (D:2)
131 creatures vanquished.

Grand Total: 266 creatures vanquished

Notes
Turn   | Place    | Note
-------+----------+-------------------------------------------
     0 | D:1      | diana the Immature Draconian Demigod began the quest for
                  | the Orb.
     0 | D:1      | Reached XP level 1. HP: 18/18 MP: 3/3
     3 | D:1      | Noticed an electric eel
     3 | D:1      | Noticed an electric eel
   319 | D:1      | Reached skill level 2 in Fighting
   319 | D:1      | Reached XP level 2. HP: 26/26 MP: 4/4
   947 | D:2      | Found a hide-covered altar of Uskayaw.
   964 | D:2      | Reached XP level 3. HP: 30/33 MP: 5/5
   984 | D:2      | Reached skill level 3 in Fighting
  1004 | D:2      | Reached XP level 4. HP: 13/42 MP: 6/6
  1185 | D:2      | Noticed Robin
  1191 | D:2      | Killed Robin
  1212 | D:2      | Reached skill level 4 in Fighting
  1251 | D:2      | Reached XP level 5. HP: 48/50 MP: 7/7
  1369 | D:2      | Found an ornate altar of the Wu Jian Council.
  1513 | D:2      | Reached XP level 6. HP: 60/60 MP: 8/8
  1516 | D:2      | Reached skill level 5 in Fighting
  1668 | D:2      | Noticed Terence
  1681 | D:2      | Killed Terence
  1992 | D:2      | Found a radiant altar of Vehumet.
  2305 | D:2      | Reached skill level 6 in Fighting
  2305 | D:2      | Your scales start taking on an imposing gold colour.
  2305 | D:2      | Reached XP level 7. HP: 69/69 MP: 12/12
  2305 | D:2      | Gained mutation: Your imposing gold scales grant you
                  | resistance to fire, cold and poison. (rF+, rC+, rPois)
                  | [Golden Draconian growth]
  2305 | D:2      | Gained mutation: You are in touch with the powers of fire,
                  | ice and venom. [Golden Draconian growth]
  2737 | D:3      | Gained mutation: You are strong. (Str +2) [potion of
                  | mutation]
  2759 | D:3      | Reached skill level 5 in Unarmed Combat
  2872 | D:3      | Reached skill level 7 in Fighting
  3141 | D:3      | Reached XP level 8. HP: 49/80 MP: 13/13
  3469 | D:3      | HP: 3/80 [scorpion (7)]
  3469 | D:3      | Annihilated by a guardian mummy

Levels and vault maps discovered:
D:1:      arrival_aquarium_b, layout_basic, chequers_serial_rivers_micro_c
D:2:      layout_sewer, kennysheep_little_box, fiery_altar_vehumet,
          kennysheep_mini_moat, serial_park, serial_park_tiny_1,
          minmay_pentomino_x2, uniq_terence, uniq_robin
D:3:      ossuary_crypta, layout_rooms, first_ration

Skill      XL: |  1  2  3  4  5  6  7 |
---------------+----------------------+-----
Unarmed Combat | 2 3 4 5 |  5.0
Fighting       | 2 3 4 6 7 |  7.3
Spellcasting   | 2 3 |  3.0
Fire Magic     | 2 4 |  4.8
Dodging        | |  2.4
Stealth        | |  1.3

Action                   |  1- 3 |  4- 6 |  7- 9 || total
-------------------------+-------+-------+-------++-------
Melee: Unarmed           |   141 |   397 |   145 ||   683
       Tailslap          |     3 |    16 |    11 ||    30
 Cast: Flame Tongue      |       |    17 |    11 ||    28
  Use: Potion            |       |       |     1 ||     1
       Scroll            |       |       |     5 ||     5
 Stab: Sleeping          |     2 |       |     2 ||     4
  Eat: Chunk             |       |     5 |     2 ||     7
       Ration            |       |       |     1 ||     1
Armor: Skin              |     8 |    29 |    25 ||    62
Dodge: Dodged            |    56 |    99 |    32 ||   187
